 Dungeon Crawl Stone Soup version 0.28.0-1-gb440e238dd (webtiles) character file.

Game seed: 14025572977919574061

161 fragbeetle the Chopper (level 5, -2/45 HPs)
             Began as a Minotaur Monk on Feb 22, 2022.
             Slain by an ogre (16 damage)
             ... on level 4 of the Dungeon.
             The game lasted 00:02:46 (2170 turns).

fragbeetle the Chopper (Minotaur Monk)              Turns: 2170, Time: 00:02:47

Health: -2/45      AC:  6    Str: 17    XL:     5   Next: 19%
Magic:  4/4        EV: 10    Int:  7    God:
Gold:   150        SH:  3    Dex: 13    Spells: 4/4 levels left

rFire   . . .      SeeInvis .   b - +2 hand axe (flame)
rCold   . . .      Faith    .   h - +0 buckler
rNeg    . . .      Spirit   .   f - +0 scale mail
rPois   .          Reflect  .   (helmet restricted)
rElec   .          Harm     .   (no cloak)
rCorr   .          Rampage  .   (no gloves)
Will    .....                   (no boots)
Stlth   ..........              (no amulet)
HPRegen 0.15/turn               (no ring)
MPRegen 0.09/turn               (no ring)

@: no status effects
A: horns 2, retaliatory headbutt
a: no special abilities


You were on level 4 of the Dungeon.
You visited 1 branch of the dungeon, and saw 4 of its levels.

You collected 150 gold pieces.

Inventory:

Hand Weapons
 a - a +0 hand axe
 b - a +2 hand axe of flaming (weapon)
Armour
 f - a +0 scale mail (worn)
 g - a +0 plate armour
 h - a +0 buckler (worn)
Jewellery
 c - a ring of ice
Scrolls
 d - 4 scrolls of identify {unknown}
 j - a scroll of immolation {unknown}
Potions
 e - a potion of curing {unknown}
 i - a potion of might {unknown}
 k - a potion of cancellation {unknown}


   Skills:
 - Level 3.6 Fighting
 * Level 7.2 Axes
 - Level 3.2 Dodging
 - Level 1.5 Stealth


You had 4 spell levels left.
You didn't know any spells.
Your spell library contained the following spells:

 Spells                   Type           Power      Damage    Failure   Level
 Ensorcelled Hibernation  Hex/Ice        0%         N/A       98%         2
 Passwall                 Tmut/Erth      0%         N/A       98%         2
 Swiftness                Air            0%         N/A       100%        3


Dungeon Overview and Level Annotations

Branches:
Dungeon (4/15)
 Temple: D:4-7

Altars:
Vehumet

Annotations:
D:3 Grinder


Innate Abilities, Weirdness & Mutations

You have a pair of horns on your head.
You reflexively headbutt those who attack you in melee.


Message History

You are no longer poisoned.
You hit the hobgoblin. You burn the hobgoblin. You headbutt the hobgoblin.
You kill the hobgoblin!
You start resting.
HP restored.
You see here a scorpion corpse.
A ball python comes into view.
The ball python hisses angrily.
There is a stone staircase leading up here.
A ball python is nearby!
You hit the ball python. You burn the ball python.
You kill the ball python!
No target in view!
No target in view!
There is a stone staircase leading down here.
You now have 135 gold pieces (gained 6).
As you open the door, it creaks loudly!
A goblin comes into view. It is wielding a +0 dagger.
The goblin shouts!
There is an open door here.
The goblin barely misses you. You furiously retaliate!
You headbutt the goblin!
You kill the goblin!
No target in view!
No target in view!
No target in view!
You now have 150 gold pieces (gained 15).
Found a radiant altar of Vehumet.
An ogre comes into view. It is wielding a +0 giant spiked club.
The ogre shouts!
The ogre moves out of view.
Found an escape hatch in the ceiling.
An ogre is nearby!
You hit the ogre. You burn the ogre. You headbutt the ogre!
The ogre is heavily wounded.
The ogre hits you with a +0 giant spiked club!!
Ouch! That really hurt!
You hit the ogre but do no damage.
The ogre is heavily wounded.
The ogre hits you with a +0 giant spiked club!
You die...

########### ..........#
####...##.# ........#.#
.######.#.############
........#.#..........# #
.########.#.....@O...####.##.
........<.....#####..........
......>......................
..........#...........###.##
..####........#.#.#...## #
..## #.................#
...####..#..#...#...#..#
...+.....#....#...#....#
...###...#..#..._...#..#


You could see an ogre.

Vanquished Creatures
  A scorpion (D:4)
  Terence (D:3)
  2 adders (D:2)
  A worm (D:2)
  3 dart slugs
  4 bats
  8 endoplasms
  A giant cockroach (D:1)
  7 goblins
  3 hobgoblins
  4 quokkas
  6 ball pythons
  3 kobolds
  3 rats
47 creatures vanquished.

Notes
Turn   | Place    | Note
-------+----------+-------------------------------------------
     0 | D:1      | fragbeetle the Minotaur Monk began the quest for the Orb.
     0 | D:1      | Reached XP level 1. HP: 19/19 MP: 0/0
    41 | D:1      | Reached skill level 4 in Axes
   384 | D:1      | Reached XP level 2. HP: 20/26 MP: 1/1
   577 | D:1      | Found a faded altar of an unknown god.
   668 | D:1      | Reached skill level 5 in Axes
   768 | D:1      | Reached XP level 3. HP: 29/31 MP: 2/2
  1278 | D:2      | Reached skill level 6 in Axes
  1278 | D:2      | Reached XP level 4. HP: 21/39 MP: 3/3
  1776 | D:3      | Noticed Terence
  1785 | D:3      | Killed Terence
  1850 | D:3      | Noticed Grinder
  1856 | D:4      | Noticed a scorpion
  1870 | D:4      | Killed a scorpion
  1871 | D:4      | Reached skill level 7 in Axes
  1871 | D:4      | Reached XP level 5. HP: 23/45 MP: 4/4
  2137 | D:4      | Found a radiant altar of Vehumet.
  2154 | D:4      | Noticed an ogre
  2170 | D:4      | Slain by an ogre

Illustrated notes

Levels and vault maps discovered:
D:1:      psy_arrival_fountain, layout_basic, nicolae_ecumenical_lake_church
D:2:      layout_loops_ring
D:3:      layout_basic, mainiacjoe_overflow_alcove_1, dk_vineyard_2,
          uniq_terence, uniq_robin, uniq_grinder
D:4:      layout_basic, fedhas_altar_decomposition, cheibrodos_ashenzari_chains,
          nicolae_vehumet_radiance

Skill      XL: |  1  2  3  4 |
---------------+-------------+-----
Axes           | 4 5 6 7 |  7.2
Fighting       | |  3.6
Dodging        | |  3.2
Stealth        | |  1.5

Action                   |  1- 3 |  4- 6 || total
-------------------------+-------+-------++-------
Melee: Hand axe          |    70 |    26 ||    96
       Headbutt          |    11 |     5 ||    16
       Punch             |     1 |       ||     1
 Stab: Sleeping          |     1 |       ||     1
Armor: Robe              |     2 |       ||     2
       Scale mail        |    21 |     4 ||    25
Dodge: Dodged            |    23 |     9 ||    32
Block: Buckler           |     3 |     5 ||     8
